 Dungeon Crawl Stone Soup version 0.23.2-33-g5129a83184 (webtiles) character file.

Game seed: 1685583082716507312

47 psyvane the Stinger (level 3, -2/19 HPs)
             Began as a Deep Elf Venom Mage on June 30, 2019.
             Slain by an adder (4 damage)
             ... on level 2 of the Dungeon.
             The game lasted 00:06:22 (1061 turns).

psyvane the Stinger (Deep Elf Venom Mage)           Turns: 1061, Time: 00:06:22

Health: -2/19      AC:  3    Str: 10    XL:     3   Next: 48%
Magic:  1/10       EV: 13    Int: 20    God:
Gold:   41         SH:  0    Dex: 15    Spells: 4/10 levels left

rFire    x . .     SeeInvis .   (no weapon)
rCold    + . .     Gourm    .   (no shield)
rNeg     . . .     Faith    .   a - +0 robe
rPois    .         Spirit   .   (no helmet)
rElec    .         Reflect  .   (no cloak)
rCorr    .         Harm     .   (no gloves)
MR       .....                  b - +0 pair of boots
Stlth    ++........             (no amulet)
HPRegen  0.06/turn              m - ring of ice
MPRegen  0.12/turn              (no ring)

@: mighty, lethally poisoned (-2 -> -6), very slightly contaminated
A: no striking features
a: no special abilities


You were on level 2 of the Dungeon.
You were not hungry.

You visited 1 branch of the dungeon, and saw 2 of its levels.

You collected 41 gold pieces.

Inventory:

Armour
 a - a +0 robe (worn)
 b - a +0 pair of boots (worn)
Jewellery
 m - a ring of ice (left hand)
Scrolls
 h - a scroll of amnesia {unknown}
 i - 2 scrolls of teleportation {unknown}
 k - a scroll of remove curse {unknown}
Potions
 d - a potion of agility {unknown}
 e - a potion of degeneration {unknown}
 f - a potion of curing {unknown}
 g - a potion of might
 j - a potion of berserk rage {unknown}
 l - a potion of invisibility {unknown}
Comestibles
 c - 3 rations
 n - 3 chunks of flesh


   Skills:
 - Level 2.4 Dodging
 * Level 2.8 Stealth
 * Level 4.0 Spellcasting
 - Level 1.1 Conjurations
 * Level 4.2 Poison Magic


You had 4 spell levels left.
You knew the following spells:

 Your Spells              Type           Power        Failure   Level  Hunger
a - Sting                 Conj/Pois      ##..         4%          1    None
b - Poisonous Vapours     Pois/Air       ##....       9%          2    #......
c - Mephitic Cloud        Conj/Pois/Air  ##......     19%         3    ###....

Your spell library contained the following spells:

 Spells                   Type           Power        Failure   Level  Hunger
 Olgreb's Toxic Radiance  Pois           ###.....     22%         4    ####...
 Venom Bolt               Conj/Pois      ##........   75%         5    ######.


Dungeon Overview and Level Annotations

Branches:
Dungeon (2/15)

Altars:
Vehumet
The Shining One


Message History

The adder is severely wounded.
You feel sick. The adder barely misses you.
You completely miss the adder.
The adder is severely wounded.
The adder bites you.
* * * LOW HITPOINT WARNING * * *
The adder barely misses you.
It was a potion of might.
You feel very mighty all of a sudden.
* * * LOW HITPOINT WARNING * * *
You feel sick. The adder bites you.
* * * LOW HITPOINT WARNING * * *
You miss the adder.
The adder is severely wounded.
The adder bites you but does no damage.
You barely miss the adder.
The adder is severely wounded.
* * * LOW HITPOINT WARNING * * *
You feel sick. The adder misses you. The adder bites you.
You die...

....[##..#.# #.#
8...8###.#.# #<#
##_# ##.#.# #.# #
#..#.# #.#
####..#.# ###.#
#.......####...#
#..รท.......'...#
#....[.#####...#
#@S..>.# #...#
#......# #...#
#......# #...#
#......# #...#
#......#########
####......########
+..............
#......########
#......#


You could see an adder.

Vanquished Creatures
  An adder (D:2)
  A worm (D:2)
  3 dart slugs
  2 giant cockroaches
  3 hobgoblins
  7 bats
  3 frilled lizards
  6 goblins
  3 kobolds (D:1)
  2 rats
31 creatures vanquished.

Notes
Turn   | Place    | Note
-------+----------+-------------------------------------------
     0 | D:1      | psyvane the Deep Elf Venom Mage began the quest for the
                  | Orb.
     0 | D:1      | Reached XP level 1. HP: 10/10 MP: 6/6
   262 | D:1      | Reached XP level 2. HP: 15/15 MP: 1/8
   847 | D:2      | Reached XP level 3. HP: 19/19 MP: 5/10
   851 | D:2      | Learned a level 2 spell: Poisonous Vapours
   855 | D:2      | Learned a level 3 spell: Mephitic Cloud
   987 | D:2      | Found a glowing golden altar of the Shining One.
   988 | D:2      | Found a radiant altar of Vehumet.
  1061 | D:2      | Slain by an adder

Skill      XL: |  1  2  3 |
---------------+----------+-----
Poison Magic   | 4 |  4.2
Spellcasting   | 4 |  4.0
Dodging        | |  2.4
Stealth        | |  2.8
Conjurations   | |  1.1

Action                   || total
-------------------------++-------
Melee: Unarmed           ||    30
 Cast: Sting             ||    63
  Use: Potion            ||     1
Armor: Robe              ||     6
Dodge: Dodged            ||    37
